 Dungeon Crawl Stone Soup version 0.29-a0-194-g6e3aafee17 (webtiles) character file.

Game seed: 14753264338061082422

11 bande the Skirmisher (level 2, -4/19 HPs)
             Began as a Gargoyle Fighter on Feb 22, 2022.
             Slain by Sigmund
             ... wielding a +0 scythe
              (10 damage)
             ... on level 2 of the Dungeon.
             The game lasted 00:02:43 (884 turns).

bande the Skirmisher (Gargoyle Fighter)              Turns: 884, Time: 00:02:44

Health: -4/19      AC:  9    Str: 19    XL:     2   Next: 29%
Magic:  2/2        EV:  9    Int:  8    God:
Gold:   91         SH:  5    Dex:  9    Spells: 1/1 levels left

rFire   . . .      SeeInvis .   a - +0 war axe
rCold   . . .      Faith    .   c - +1 buckler
rNeg    + . .      Spirit   .   b - +0 scale mail
rPois   ∞          Reflect  .   (no helmet)
rElec   +          Harm     .   (no cloak)
rCorr   .          Rampage  .   (no gloves)
Will    .....                   (no boots)
Stlth   ..........              (no amulet)
HPRegen 0.06/turn               (no ring)
MPRegen 0.08/turn               (no ring)

@: mighty
A: sickness immunity, AC +2, negative energy resistance 1, electricity
resistance, torment resistance 1, petrification resistance
a: no special abilities


You were on level 2 of the Dungeon.
You visited 1 branch of the dungeon, and saw 2 of its levels.

You collected 91 gold pieces.

Inventory:

Hand Weapons
 a - a +0 war axe (weapon)
Armour
 b - a +0 scale mail (worn)
 c - a +1 buckler (worn)
Jewellery
 f - an amulet of faith
Scrolls
 e - 2 scrolls of identify
 i - 2 scrolls of teleportation
Potions
 d - 2 potions of might
 g - a potion of lignification {unknown}


   Skills:
 + Level 3.5 Fighting
 + Level 1.8 Axes
 + Level 3.5 Armour
 + Level 3.5 Shields


You had one spell level left.
You didn't know any spells.
Your spell library was empty.

Dungeon Overview and Level Annotations

Branches:
Dungeon (2/15)

Altars:

Annotations:
D:2 Sigmund


Innate Abilities, Weirdness & Mutations

You are immune to sickness and miasma.
Your stone body is resilient. (AC +2)
You are immune to poison.
You resist negative energy. (rN+)
You are resistant to electric shocks. (rElec)
You are resistant to unholy torment.
You are immune to petrification.


Message History

It is a scroll of identify.
h - 2 potions of attraction You drop 2 potions of attraction.
You see here a quokka corpse.
e - 2 scrolls of identify (gained 1)
You open the door.
There is an open door here.
You open the door.
There is an open door here.
There is an open door here.
You open the door.
There is an open door here.
Found a stone staircase leading up.
You now have 91 gold pieces (gained 13).
i - 2 scrolls of teleportation (gained 1)
You open the door.
Found a stone staircase leading up.
Sigmund and an adder come into view.
Sigmund shouts!
The adder hisses angrily.
There is an open door here.
You feel very mighty all of a sudden. Sigmund barely misses you.
Sigmund mumbles some strange words.
Sigmund flickers and vanishes!
Deactivating autopickup; reactivate with Ctrl-A.
You closely miss something. Something hits you.
You closely miss something. Something hits you but does no damage.
You closely miss something. Something hits you!
Ouch! That really hurt!
You miss something. Something hits you but does no damage.
Unknown command.
You miss something. You block something's attack.
You closely miss something.
You hear some strange, mumbled words.
A puff of flame appears from out of thin air!
The puff of flame misses you.
Unknown command.
You barely miss something. Something hits you!
Ouch! That really hurt!
You die...

.# #####.# ......#
@...... ....... ###
....... ..#
########......#
#######.#.#.....@{S.....#
......#.#.#.######.....##
......#.#.#.# ...<.#
......#.#.#.# ######
......#.#.#.#
........#.#.#
........#.#.#######
......<...........#
.######.#.#.#####.#


You could see an adder.

Vanquished Creatures
  An endoplasm (D:2)
  A giant cockroach (D:1)
  A hobgoblin (D:1)
  A quokka (D:2)
  2 ball pythons
  2 goblins (D:1)
  A kobold (D:1)
  3 rats
12 creatures vanquished.

Notes
Turn   | Place    | Note
-------+----------+-------------------------------------------
     0 | D:1      | bande the Gargoyle Fighter began the quest for the Orb.
     0 | D:1      | Reached XP level 1. HP: 14/14 MP: 1/1
   256 | D:1      | Found a faded altar of an unknown god.
   419 | D:1      | Reached XP level 2. HP: 19/19 MP: 2/2
   871 | D:2      | Noticed Sigmund
   884 | D:2      | Slain by Sigmund

Illustrated notes

Levels and vault maps discovered:
D:1:      scummos_arrival_hexagon, layout_basic,
          dreamdust_ecumenical_altar_grove
D:2:      layout_basic, basic_altar, uniq_natasha, uniq_sigmund, uniq_jessica

Action                   || total
-------------------------++-------
Melee: War axe           ||    27
  Use: Scroll            ||     4
       Potion            ||     1
Armor: Scale mail        ||     9
Dodge: Dodged            ||    12
Block: Buckler           ||     3

Table legend: (Time is in decaauts)
 A = Elapsed time spent in this place.
 B = Non-inter-level travel time spent in this place.
 C = Inter-level travel time spent in this place.
 D = Time resting spent in this place.
 E = Time spent auto-exploring this place.
 F = Levels seen in this place.
 G = Mean time per level.
                   A        B        C        D        E       F      G
               +--------+--------+--------+--------+--------+-----+--------+
         Total |    896 |    896 |      0 |      0 |    769 |   2 |  448.0 |
       Dungeon |    896 |    896 |      0 |      0 |    769 |   2 |  448.0 |
               +--------+--------+--------+--------+--------+-----+--------+

Top non-repeatable levels by time:
     D:1: 669 daAuts
     D:2: 226 daAuts
